AoeStats
← Luo_ji22

Arabia

506111252Analyzed
1v1 RM · 20d ago on Sep 12, 2026· 69m 11s· 2 players
Game mode
Random Map
Map size
Tiny (2 player)
Population
200
Speed
Normal
Resources
Standard
Victory
Conquest
Starting age
Dark Age
Ending age
Imperial Age
RankedLock teamsTeams togetherTeam positionsShared explorationLock speedFull tech treeHidden civsTurbo modeCheats
Victory
Defeat
🇦🇱 Magyars · Albania
823
+18
🇨🇭 Maya · Switzerland
873
-35
STATS
6:46 Loom
9:32 Feudal Age
11:46 Double-Bit Axe
17:24 Fletching
22:31 Castle Age
21:28 Bloodlines
22:45 Scale Barding Armor
23:14 Bodkin Arrow
24:10 Horse Collar
24:47 Bow Saw
25:37 Gold Mining
27:50 Chain Barding Armor
28:38 Thumb Ring
28:08 Light Cavalry
29:30 Husbandry
31:13 Wheelbarrow
33:01 Hand Cart
35:32 Ballistics
38:06 Imperial Age
36:54 Murder Holes
38:16 Hand Cart
38:04 Corvinian Army
40:24 Chemistry
39:25 Bracer
40:31 Two-Man Saw
40:19 Hussar
43:14 Plate Barding Armor
45:00 Parthian Tactics
44:59 Heavy Cavalry Archer
47:26 Elite Magyar Huszar
48:08 Recurve Bow
63:29 Gold Shaft Mining
65:13 Treadmill Crane
65:39 Siege Engineers
69:43 Padded Archer Armor
Luo_ji22
9:27 Loom
11:48 Feudal Age
17:15 Castle Age
15:29 Double-Bit Axe
16:37 Fletching
20:05 Wheelbarrow
19:51 Bow Saw
19:24 Horse Collar
20:48 Elite Skirmisher
21:44 Heavy Plow
23:14 Hand Cart
22:48 Eagle Warrior
26:03 Squires
30:35 Crossbowman
31:22 Thumb Ring
31:15 Bodkin Arrow
31:20 Padded Archer Armor
31:21 Scale Mail Armor
31:32 Forging
31:54 Ballistics
32:49 Gold Mining
32:49 Stone Mining
36:32 Imperial Age
37:04 Arbalester
38:51 Elite Eagle Warrior
40:53 Holcans
40:24 Hul'che Javelineers
41:11 Bracer
41:26 Leather Archer Armor
50:49 Ring Archer Armor
50:35 Chain Mail Armor
50:56 Iron Casting
51:43 Crop Rotation
56:42 Plate Mail Armor
57:13 Blast Furnace
59:21 Pikeman
61:04 Hoardings
61:47 Halberdier
Connection lost

Rejoining the realm…

Still unreachable

The connection could not be restored.

Session expired

The server has moved on; the page needs a fresh start.